 Dungeon Crawl Stone Soup version 0.30.0-29-ga12c61a403 (webtiles) character file.

Game seed: 10091902595857815136

616 cdecastro the Skirmisher (level 7, -2/57 HPs)
             Began as a Minotaur Hunter on June 22, 2023.
             Slain by a gnoll
             ... wielding a +0 club
             ... led by a gnoll bouda
              (6 damage)
             ... on level 4 of the Dungeon.
             The game lasted 00:05:44 (2932 turns).

cdecastro the Skirmisher (Minotaur Hunter)          Turns: 2932, Time: 00:05:45

Health: -2/57      AC:  4    Str: 18    XL:     7   Next: 21%
Magic:  6/6        EV: 12    Int:  6    God:
Gold:   116        SH:  0    Dex: 13    Spells: 6/6 levels left

rFire   . . .        a - +0 shortbow
rCold   . . .        (shield currently unavailable)
rNeg    . . .        c - +0 leather armour
rPois   .            (helmet restricted)
rElec   .            e - +0 cloak
rCorr   .            (no gloves)
SInv    .            (no boots)
Will    .....        (no amulet)
Stlth   +            (no ring)
HPRegen 0.29/turn    (no ring)
MPRegen 0.10/turn

%: no passive effects
@: no status effects
A: horns 2, retaliatory headbutt
a: no special abilities


You were on level 4 of the Dungeon.
You visited 1 branch of the dungeon, and saw 4 of its levels.

You collected 116 gold pieces.

Inventory:

Hand Weapons
 a - a +0 shortbow (weapon)
Missiles
 f - a throwing net
Armour
 c - a +0 leather armour (worn)
 e - a +0 cloak (worn)
 o - a +0 plate armour
 p - a +0 scale mail
Jewellery
 k - a ring of ice
 u - a ring of resist corrosion
Wands
 s - a wand of charming (15)
Scrolls
 b - 2 scrolls of immolation
 d - 2 scrolls of enchant armour {unknown}
 h - a scroll of teleportation {unknown}
 l - a scroll of identify {unknown}
 m - a scroll of vulnerability {unknown}
 q - 2 scrolls of fear {unknown}
 r - a scroll of amnesia {unknown}
Potions
 g - a potion of cancellation {unknown}
 i - 2 potions of degeneration {unknown}
 j - a potion of flight {unknown}
 n - a potion of curing {unknown}
 t - 2 potions of berserk rage {unknown}
 v - a potion of magic {unknown}
 w - a potion of might {unknown}


   Skills:
 - Level 3.0 Fighting
 + Level 9.5 Ranged Weapons
 - Level 2.1 Dodging
 - Level 0.7 Stealth


You had 6 spell levels left.
You didn't know any spells.
Your spell library contained the following spells:

 Spells                   Type           Power      Damage    Failure   Level
 Sting                    Tmut/Pois      0%         1d3       52%         1
 Poisonous Vapours        Pois/Air       0%         N/A       65%         2
 Olgreb's Toxic Radiance  Pois           0%         N/A       99%         4


Dungeon Overview and Level Annotations

Branches:
Dungeon (4/15)
 Temple: D:4-7

Altars:
Kikubaaqudgha

Annotations:
D:2 1 runed translucent door, Crazy Yiuf


Innate Abilities, Weirdness & Mutations

You have a pair of horns on your head.
You reflexively headbutt those who attack you in melee.


Message History

The gnoll bouda calls upon its god to heal the gnoll.
The gnoll's wounds heal themselves!
Fire: a) +0 shortbow
Press: ? - help, Q - select action, (/) - cycle Shift-Dir - straight line, f/p - gnoll
Aim: a gnoll, wielding a +0 spear (covering ground quickly, 66% to hit)
You shoot an arrow. The arrow hits the gnoll.
The gnoll is heavily wounded.
The gnoll hits you but does no damage.
Fire: a) +0 shortbow
Press: ? - help, Q - select action, (/) - cycle Shift-Dir - straight line, f/p - gnoll
Aim: a gnoll, wielding a +0 spear (heavily wounded, covering ground quickly, 66% to hit)
You shoot an arrow. The arrow hits the gnoll.
The gnoll is severely wounded.
The gnoll barely misses you.
Unknown command.
Fire: a) +0 shortbow
Press: ? - help, Q - select action, (/) - cycle Shift-Dir - straight line, f/p - gnoll
Aim: a gnoll, wielding a +0 spear (severely wounded, covering ground quickly, 66% to hit)
You shoot an arrow. The arrow hits the gnoll.
The gnoll is almost dead.
The gnoll misses you.
Unknown command.
Fire: a) +0 shortbow
Press: ? - help, Q - select action, (/) - cycle Shift-Dir - straight line, f/p - gnoll
Aim: a gnoll, wielding a +0 spear (almost dead, covering ground quickly, 66% to hit)
You shoot an arrow. The arrow hits the gnoll.
You kill the gnoll!
The gnoll hits you with a +0 club.
* * * LOW HITPOINT WARNING * * *
Unknown command.
A jackal comes into view.
The gnoll is no longer moving quickly.
The orc drinks a potion.
The orc seems to speed up.
Unknown command.
The gnoll attacks as you move away! The gnoll closely misses you.
The gnoll attacks as you move away! The gnoll closely misses you.
The gnoll bouda barks out a call to the hunt!
The gnoll picks up the pace!
The gnoll hits you with a +0 club.
You die...

h.. #. #.# #. #.#
#.#.. ..###.#.###
####...#.#...####
#.....##.....†...
##....###.........
#.go.o............
#@####.##.....#...
#....#.####g#.#.#'
#....#)# #)#..)..
#.##.#o####g###..g
#.# .#g..)g..##...
#.# ######..##...
#.. ........ #.#
#....... #.......


You could see a gnoll (swift) and 2 orcs.

Vanquished Creatures
  Grinder (D:3)
  2 ogres (D:4)
  An orc priest (D:3)
  2 iguanas (D:4)
  Robin (D:1)
  3 gnolls (D:4)
  2 adders
  6 worms
  A dart slug (D:1)
  12 orcs
  9 ball pythons
  11 endoplasms
  2 giant cockroaches
  15 goblins
  7 hobgoblins
  2 jackals (D:1)
  5 quokkas
  5 bats
  2 frilled lizards (D:2)
  4 kobolds
  4 rats
97 creatures vanquished.

Notes
Turn   | Place    | Note
-------+----------+-------------------------------------------
     0 | D:1      | cdecastro the Minotaur Hunter began the quest for the Orb.
     0 | D:1      | Reached XP level 1. HP: 18/18 MP: 0/0
    53 | D:1      | Reached XP level 2. HP: 26/26 MP: 1/1
    80 | D:1      | Reached skill level 5 in Ranged Weapons
   303 | D:1      | Reached XP level 3. HP: 25/31 MP: 2/2
   535 | D:1      | Found a faded altar of an unknown god.
   965 | D:2      | Reached XP level 4. HP: 31/38 MP: 3/3
  1045 | D:2      | Reached skill level 6 in Ranged Weapons
  1130 | D:2      | Noticed Robin
  1200 | D:1      | Killed Robin
  1475 | D:2      | Found a runed translucent door.
  1476 | D:2      | Noticed Crazy Yiuf
  1674 | D:3      | Found an ancient bone altar of Kikubaaqudgha.
  1770 | D:3      | Noticed Grinder
  1788 | D:3      | Killed Grinder
  1789 | D:3      | Reached skill level 8 in Ranged Weapons
  1789 | D:3      | Reached XP level 5. HP: 32/45 MP: 4/4
  1789 | D:3      | Reached XP level 6. HP: 36/51 MP: 5/5
  2648 | D:4      | Reached skill level 9 in Ranged Weapons
  2648 | D:4      | Reached XP level 7. HP: 35/57 MP: 6/6
  2932 | D:4      | Slain by a gnoll

Illustrated notes

Levels and vault maps discovered:
D:1:      scummos_arrival_hexagon, layout_loops_ring,
          nicolae_ecumenical_snake_handling, amcnicky_mini_corridor_feature,
          wad_floor_pattern_2, columned_hall_lemuel, minmay_tetromino_i2
D:2:      layout_rooms, minmay_quadrilaterals, uniq_crazy_yiuf_cottage,
          uniq_robin
D:3:      layout_basic, mainiacjoe_overflow_small_starburst,
          hangedman_abyss_or_decor_stabs, st_stairs_12, corexii_hall_statues_i,
          uniq_grinder
D:4:      layout_basic, gammafunk_temple_overflow_claw, uniq_pikel

Skill      XL: |  1  2  3  4  5  6 |
---------------+-------------------+-----
Fighting       | 3 |  3.0
Ranged Weapons | 5 8 9 |  9.5
Dodging        | |  2.1
Stealth        | |  0.7

Action                     |  1- 3 |  4- 6 |  7- 9 || total
---------------------------+-------+-------+-------++-------
   Fire: Shortbow          |   122 |   167 |    43 ||   332
    Use: Potion            |       |     1 |       ||     1
 Armour: Leather armour    |    20 |    22 |     5 ||    47
  Dodge: Dodged            |    26 |    42 |    21 ||    89
